 Dungeon Crawl Stone Soup version 0.16.2-12-gd0ad4c3 (webtiles) character file.

1793 musteatbrain the Cleaver (level 8, -6/111 HPs)
             Began as a Minotaur Fighter on Sept 27, 2015.
             Was a Follower of the Shining One.
             Mangled by a hill giant
             ... wielding a +0 giant club
              (9 damage)
             ... on level 6 of the Dungeon.
             The game lasted 00:16:24 (4501 turns).

musteatbrain the Cleaver (Minotaur Fighter)         Turns: 4501, Time: 00:16:24

Health: -6/111     AC: 24    Str: 26    XL:     8   Next: 82%
Magic:  3/3        EV:  2    Int:  5    God:    the Shining One [*.....]
Gold:   347        SH: 10    Dex: 11    Spells: 0 memorised, 7 levels left

rFire  + + .     SeeInvis .     a - +0 war axe
rCold  x . .     Clarity  .     b - melded +0 scale mail
rNeg   + + +     SustAb   .     c - +0 shield
rPois  +         Gourm    .     (helmet currently unavailable)
rElec  +         Spirit   .     (cloak currently unavailable)
rCorr  .         Warding  .     (gloves currently unavailable)
rMut   .         NoTele   +     x - melded +0 pair of boots
MR     .....                    (no amulet)
Stlth  +.........               D - ring of Thruop {Fire Contam rElec Str+4}
                                g - ring of protection from fire (curse)

@: tree-form, glowing, not resistant to hostile enchantments, very unstealthy
A: (retaliatory headbutt), (horns 0)
a: Renounce Religion


You were on level 6 of the Dungeon.
You worshipped the Shining One.
The Shining One was aware of your devotion.
You were not hungry.
You were a tree.
You visited 1 branch of the dungeon, and saw 6 of its levels.

You collected 347 gold pieces.

Inventory:

Hand weapons
 a - a +0 war axe (weapon)
 F - the +8 falchion "Ixzaghor" {freeze, *Rage rN+ MP-9 Str+6 Stlth+, unknown}
   (You found it on level 6 of the Dungeon)

   It has been specially enchanted to freeze those struck by it, causing extra
   injury to most foes and up to half again as much damage against particularly
   susceptible opponents.
   It can also slow down cold-blooded creatures.
   It affects your strength (+6).
   It protects you from negative energy.
   It affects your magic capacity (-9).
   It may make you go berserk in combat.
   It makes you more stealthy.
Armour
 b - a +0 scale mail (melded)
 c - a +0 shield (worn)
 x - a +0 pair of boots (melded)
Jewellery
 g - a cursed ring of protection from fire (left branch)
 j - an uncursed ring of magical power
 D - the ring of Thruop (right branch) {Fire Contam rElec Str+4}
   (You found it on level 6 of the Dungeon)

   [ring of fire]

   It enhances your fire magic, and weakens your ice magic.
   It affects your strength (+4).
   It protects you from fire.
   It makes you vulnerable to cold.
   It insulates you from electricity.
   It causes magical contamination when unequipped.
Magical devices
 z - a wand of confusion (31)
 A - a wand of magic darts (36)
Scrolls
 e - a scroll of fog {unknown}
 h - a scroll of recharging
 l - 2 scrolls of noise {unknown}
 q - a scroll of amnesia {unknown}
 r - 2 scrolls of magic mapping {unknown}
 s - a scroll of immolation {unknown}
 v - 4 scrolls of teleportation {unknown}
 y - 2 scrolls of remove curse {unknown}
 B - 2 scrolls of blinking {unknown}
 E - a scroll of identify
Potions
 k - 6 potions of curing
 o - a potion of cancellation
 t - a potion of restore abilities
 w - a potion of resistance
 C - 2 potions of haste {unknown}
Books
 u - a book of Party Tricks

   Spells                             Type                      Level
   a - Summon Butterflies             Summoning                    1
   b - Apportation                    Translocation                1
   c - Tukima's Dance                 Hexes                        3
   d - Alistair's Intoxication        Transmutation/Poison         4
   e - Invisibility                   Hexes                        6
Miscellaneous
 n - a plain deck of summoning
Comestibles
 d - 3 bread rations
 f - 6 meat rations
 m - a slice of pizza
 p - 2 beef jerkies


   Skills:
 + Level 8.0 Fighting
 * Level 10.0 Axes
 + Level 5.8 Armour
 + Level 3.8 Dodging
 - Level 3.6 Shields


You had 7 spell levels left.
You didn't know any spells.

Dungeon Overview and Level Annotations

Branches:
Dungeon (6/15)             Temple (0/1) D:5

Altars:
Ashenzari
Cheibriados
Elyvilon
Nemelex Xobeh
Qazlal
Ru
Zin
The Shining One

Shops:
D:5 }


Innate Abilities, Weirdness & Mutations

((You reflexively headbutt those who attack you in melee.))
((You have a pair of horns on your head.))


Message History

Drink which item? (? for menu, Esc to quit)
You turn into a tree.
Your +0 pair of boots melds into your body.
Your +0 scale mail melds into your body.
Your roots penetrate the ground.
The hill giant hits you with a giant club.
* * * LOW HITPOINT WARNING * * *
You hit the hill giant but do no damage.
The hill giant is severely wounded.
The hill giant hits you with a giant club.
* * * LOW HITPOINT WARNING * * *
You slash the hill giant!
The hill giant is severely wounded.
You block the hill giant's attack.
You hit the hill giant.
The hill giant is almost dead.
You completely miss the hill giant.
The hill giant is almost dead.
The hill giant hits you with a giant club!
You die...

#.....## #......#
#############......#
##............###..##
..............# ####
###..........#
##........## ######
##.)......# #....####
##....♣C...#
........###....#.....##
######
.............####.....#
##....## .............#
##....####..###.#
..###...#...##
##........## #.#
.)####''###.#
###....### ###
.###......#.# ##..## .#
#.♣..♣.##### #.## .#
#..♣♣..# #.## #.#


You could see a hill giant.

Vanquished Creatures
  The ghost of BLOAX the Ruffian, an average MiMo (D:5)
  An orc warrior (D:6)
  A sky beast (D:5)
  A centaur (D:6)
  An ogre (D:6)
  The ghost of dearth the Slasher, an average HESk (D:3)
  2 giant frogs (D:6)
  3 scorpions
  A crimson imp (D:5)
  A goliath beetle (D:6)
  6 orc priests
  An iguana (D:5)
  Natasha (twice) (D:4)
  8 orc wizards
  4 worker ants
  A killer bee zombie (D:5)
  A mummy (D:4)
  A hound skeleton (D:5)
  A worker ant zombie (D:5)
  3 gnolls (D:3)
  Robin (D:4)
  9 adders
  A white imp (D:4)
  A giant mite (D:5)
  A worm (D:3)
  2 giant geckos
  4 oozes
  23 orcs
  9 bats
  A bat skeleton (D:4)
  2 giant cockroaches
  17 goblins
  19 hobgoblins
  13 jackals
  3 quokkas (D:3)
  2 ball pythons
  7 giant newts
  10 kobolds
  A quokka zombie (D:5)
  15 rats
182 creatures vanquished.

Notes
Turn   | Place    | Note
--------------------------------------------------------------
     0 | D:1      | musteatbrain, the Minotaur Fighter, began the quest for the Orb.
     0 | D:1      | Reached XP level 1. HP: 19/19 MP: 1/1
    59 | D:1      | Reached skill level 4 in Fighting
    88 | D:1      | Reached XP level 2. HP: 18/27 MP: 1/1
   313 | D:1      | Found a sparkling altar of Nemelex Xobeh.
   379 | D:2      | Reached XP level 3. HP: 23/34 MP: 2/2
   535 | D:2      | Found a shattered altar of Ashenzari.
   648 | D:2      | You fall through a shaft for 2 floors!
   648 | D:4      | Noticed Natasha
   670 | D:3      | Reached XP level 4. HP: 36/41 MP: 2/2
   685 | D:4      | Killed Natasha
   710 | D:4      | Reached skill level 5 in Fighting
   710 | D:4      | Reached skill level 5 in Axes
   716 | D:4      | Reached XP level 5. HP: 24/48 MP: 2/2
  1004 | D:3      | Reached skill level 6 in Axes
  1278 | D:3      | Found a sacrificial altar of Ru.
  1446 | D:3      | Reached XP level 6. HP: 54/57 MP: 3/3
  1475 | D:3      | Noticed dearth's ghost (average HESk)
  1483 | D:3      | Killed dearth's ghost
  2057 | D:4      | Found a stormy altar of Qazlal.
  2115 | D:4      | Noticed a scorpion
  2120 | D:4      | Killed a scorpion
  2120 | D:4      | Reached skill level 7 in Axes
  2139 | D:4      | Found a white marble altar of Elyvilon.
  2307 | D:4      | Noticed Robin
  2329 | D:4      | Killed Robin
  2378 | D:4      | Found a glowing golden altar of the Shining One.
  2379 | D:4      | Noticed Natasha
  2383 | D:4      | Became a worshipper of the Shining One
  2395 | D:4      | Killed Natasha
  2424 | D:4      | Reached XP level 7. HP: 49/64 MP: 3/3
  2598 | D:5      | Entered Level 5 of the Dungeon
  2665 | D:5      | Noticed BLOAX's ghost (average MiMo)
  2684 | D:5      | Killed BLOAX's ghost
  2684 | D:5      | Reached skill level 1 in Dodging
  2690 | D:5      | Reached skill level 8 in Axes
  2770 | D:5      | Found a staircase to the Ecumenical Temple.
  2772 | D:5      | Acquired the Shining One's first power
  2796 | D:5      | Reached XP level 8. HP: 69/73 MP: 3/3
  2941 | D:5      | Found a snail-covered altar of Cheibriados.
  3216 | D:5      | Found Inumorra's Gadget Boutique.
  3481 | D:6      | Reached skill level 9 in Axes
  3481 | D:6      | Reached skill level 5 in Armour
  3822 | D:6      | Found a glowing silver altar of Zin.
  3914 | D:6      | Got a bound ivory ring
  4150 | D:6      | Got a brightly glowing falchion
  4275 | D:6      | Noticed a hill giant
  4407 | D:6      | Reached skill level 10 in Axes
  4411 | D:6      | Identified the ring of Thruop {Fire Contam rElec Str+4} (You found it on level 6 of the Dungeon)
  4497 | D:6      | HP: 5/111 [hill giant/giant club (1)]
  4498 | D:6      | HP: 2/111 [hill giant/giant club (4)]
  4501 | D:6      | Mangled by a hill giant

Action                   |  1- 3 |  4- 6 |  7- 9 || total
-------------------------+-------+-------+-------++-------
Melee: War axe           |    71 |   195 |   187 ||   453
Evoke: Wand              |       |       |     1 ||     1
  Use: Potion            |     1 |       |     3 ||     4
       Scroll            |       |     3 |     4 ||     7
  Eat: Chunk             |       |     4 |       ||     4
       Bread ration      |       |     1 |       ||     1
       Meat ration       |       |       |     1 ||     1
